cohdb
Replays
Latest Replays
All Replays
Popular Replays
Top Player Replays
Match Explorer
How It Works
Community
CoH3 Stats
Reddit
Sign in to upload your games and track your stats! →
Sign in with Steam
Match 42382104
Unlisted
Match 42382104
Overview
Messages
Build Orders
End
Panzergrenadier Squad
Selects Italian Infantry
Kradschützen Motorcycle Team
Panzergrenadier Squad
Construct Light Support Kompanie
Fire Support Elements
2.5-tonne Medical Truck
Forward Retreat Point
Pak 38 Mechanized Group
Veteran Squad Leaders
Construct Panzerarmee Kommand
le.IG 18 Support Gun Team
Flak 36 Anti-tank Gun Team
Pak 38 Mechanized Group
Panzerpioneer Squad
Selects Defensive Operations
Selects Sound the Alarm
Selects Prepared Positions
Selects Guastatori Squad
Guastatori Squad
Tungsten Core Ammunition
2.5-tonne Medical Truck
Armored Reserves
2.5-tonne Medical Truck
Sound the Alarm
Tiger Heavy Tank
Emergency Repair Kits
Vehicle Survival Package
Selects Obice 305mm Barrage
Selects Registered Artillery
Selects Towed Cannone da 105/28 Field Howitzer
Registered Artillery
Obice 305mm Barrage
Panzer IV Assault Group
Rapid Advance
Flak 36 Anti-tank Gun Team
Registered Artillery
Tiger Heavy Tank
Jufflubagus
伊蕾娜
iPlayWithChickens
Kylen
runningDuck
Retsugo
0
0
Comments
sign in to comment!
No comments posted yet!